 Dungeon Crawl Stone Soup version 0.22-a0-247-gbddf880757 (webtiles) character file.

1726 Peterchen the Cleaver (level 8, 0/64 HPs)
             Began as a Minotaur Berserker on Feb 24, 2018.
             Was a Priest of Trog.
             Slain by a wolf (5 damage)
             ... led by Grum
             ... on level 8 of the Dungeon.
             The game lasted 00:14:20 (4269 turns).

Peterchen the Cleaver (Minotaur Berserker)          Turns: 4269, Time: 00:14:21

Health: 0/64       AC:  8    Str: 24    XL:     8   Next: 75%
Magic:  0/7        EV:  8    Int:  4    God:    Trog [***...]
Gold:   313        SH:  0    Dex: 10    Spells: 7/7 levels left

rFire    . . .     SeeInvis .   b - +0 battleaxe
rCold    . . .     Gourm    .   (shield currently unavailable)
rNeg     . . .     Faith    .   r - +0 chain mail
rPois    .         Spirit   +   (helmet restricted)
rElec    .         Reflect  .   q - scarf {Spirit}
rCorr    +         Harm     .   (no gloves)
MR       +....                  (no boots)
Stlth    ..........             (no amulet)
HPRegen  0.20/turn              f - ring of resist corrosion
MPRegen  0.10/turn              v - ring of protection from magic

@: berserk cooldown, very slightly contaminated, slowed, very slow
A: retaliatory headbutt, horns 2
a: Berserk, Trog's Hand, Renounce Religion


You were on level 8 of the Dungeon.
You worshipped Trog.
Trog was most pleased with you.
You were hungry.

You visited 1 branch of the dungeon, and saw 6 of its levels.

You collected 313 gold pieces.

Inventory:

Hand Weapons
 b - a +0 battleaxe (weapon)
Missiles
 o - 4 tomahawks (quivered)
Armour
 q - a scarf of spirit shield (worn)
 r - a +0 chain mail (worn)
Jewellery
 f - a ring of resist corrosion (left hand)
 l - a +5 ring of evasion
 v - a ring of protection from magic (right hand)
Wands
 t - a wand of scattershot (6)
Scrolls
 d - 2 scrolls of teleportation
 g - a scroll of fog
 k - a scroll of blinking
 p - a scroll of enchant armour {unknown}
 s - a scroll of remove curse
 w - a scroll of enchant weapon {unknown}
Potions
 a - a potion of degeneration {unknown}
 e - a potion of curing
 i - 2 potions of agility
 j - a potion of lignification {unknown}
 m - 2 potions of invisibility {unknown}
 n - a potion of cancellation {unknown}
 u - a potion of haste {unknown}
 x - a potion of might {unknown}
 z - a potion of berserk rage
 A - a potion of brilliance {unknown}
Comestibles
 c - 7 rations


   Skills:
 - Level 3.6 Fighting
 * Level 13.3 Axes
 - Level 2.4 Armour
 - Level 2.1 Dodging


You had 7 spell levels left.
You didn't know any spells.

Dungeon Overview and Level Annotations

Branches:
Dungeon (5/15)
 Temple: D:4-7

Altars:
Gozag

Annotations:
D:8 Grum


Innate Abilities, Weirdness & Mutations

You reflexively headbutt those who attack you in melee.
You have a pair of horns on your head.


Message History

A wolf comes into view.
The wolf howls!
A wolf comes into view.
The wolf howls!
A wolf comes into view.
The wolf howls!
You hear a howl!
Grum hits you from afar with a spear. Grum hits you from afar with a spear!
* * * LOW HITPOINT WARNING * * *
A jelly comes into view.
The jelly quivers.
Found a stone staircase leading up. 2 killer bees come into view.
You closely miss the wolf.
The killer bee buzzes angrily.
You headbutt the wolf!
The wolf is moderately wounded.
The wolf bites you but does no damage.
The wolf pauses to sniff the ground.
The wolf bites you.
You die...

#.
.......##
#. ..y....
##
......###
###.##
..#y.....
#.....
.y...#...
....#
#.hg.....
... #hh.h#
....# #@#
....#
#.......#
.....
#........
#....
#.#J#.####
..... # #.
.#... ..
.. #### ##
... .
...##+###.
........<


You could see Grum, 4 wolves, a jelly and 3 killer bees.

Vanquished Creatures
  Pikel (D:8)
  A hornet (D:5)
  A hippogriff (D:3)
  Sigmund (D:4)
  4 slaves (D:8)
  An ice beast (D:8)
  A centaur (D:5)
  4 wights (D:8)
  A centaur zombie (D:8)
  A bullfrog skeleton (D:8)
  2 hounds (D:4)
  An orc wizard (D:8)
  An iguana (D:4)
  2 worker ants (D:5)
  11 adders
  An adder zombie (D:5)
  A worm (D:3)
  A dart slug (D:1)
  4 leopard geckos
  6 orcs
  5 bats
  12 giant cockroaches
  5 goblins
  8 hobgoblins
  3 jackals (D:3)
  5 quokkas
  A ball python (D:1)
  5 frilled lizards
  A jackal skeleton (D:4)
  10 kobolds
  8 rats
109 creatures vanquished.

Notes
Turn   | Place    | Note
-------+----------+-------------------------------------------
     0 | D:1      | Peterchen the Minotaur Berserker began the quest for the Orb.
     0 | D:1      | Reached XP level 1. HP: 19/19 MP: 0/0
   287 | D:1      | Reached skill level 4 in Axes
   429 | D:1      | Reached XP level 2. HP: 24/26 MP: 1/1
   823 | D:1      | Reached skill level 5 in Axes
   944 | D:1      | Reached XP level 3. HP: 17/31 MP: 2/2
  1696 | D:2      | Reached ** piety under Trog
  1909 | D:2      | Reached skill level 6 in Axes
  1909 | D:2      | Reached XP level 4. HP: 27/39 MP: 3/3
  2429 | D:3      | Noticed a hippogriff
  2438 | D:3      | Killed a hippogriff
  2438 | D:3      | Reached skill level 8 in Axes
  2438 | D:3      | Reached XP level 5. HP: 43/45 MP: 2/4
  2438 | D:3      | Reached XP level 6. HP: 49/51 MP: 2/5
  3146 | D:4      | Found an opulent altar of Gozag.
  3197 | D:4      | Noticed Sigmund
  3204 | D:4      | Killed Sigmund
  3204 | D:4      | Reached skill level 9 in Axes
  3204 | D:4      | Reached XP level 7. HP: 57/57 MP: 6/6
  3508 | D:4      | Reached *** piety under Trog
  3508 | D:4      | Reached skill level 10 in Axes
  3527 | D:5      | Entered Level 5 of the Dungeon
  3582 | D:5      | Noticed a hornet
  3587 | D:5      | Paralysed by a hornet for 3 turns
  3592 | D:5      | Killed a hornet
  3621 | D:5      | Reached skill level 11 in Axes
  3882 | D:5      | You fall through a shaft for 3 floors!
  3916 | D:8      | Reached XP level 8. HP: 63/64 MP: 7/7
  3937 | D:8      | Reached skill level 12 in Axes
  4009 | D:8      | Noticed Pikel
  4018 | D:8      | Killed Pikel
  4018 | D:8      | Reached skill level 13 in Axes
  4268 | D:8      | Noticed Grum
  4269 | D:8      | Slain by a wolf

Vault maps used:
D:1:      matt_arrival_diagonals, serial_forest, infiniplex_forest_end_3,
          infiniplex_forest_clump_large, infiniplex_forest_diagonal,
          infiniplex_forest_clump_curved, infiniplex_forest_lined_1,
          infiniplex_forest_corner_1, minmay_quantized
D:2:      minmay_misc_feat_square
D:3:      minmay_door_path, bh_walls_and_bars
D:4:      first_ration, nicolae_gozag_cash_rules_everything_around_me,
          uniq_sigmund
D:5:      grunt_temple_overflow_holy_war, minmay_temple_entry_fiery
D:8:      uniq_pikel, uniq_grum

Skill      XL: |  1  2  3  4  5  6  7  8 |
---------------+-------------------------+-----
Axes           | 4 5 6 8 9 11 13 | 13.3
Fighting       | |  3.6
Armour         | |  2.4
Dodging        | |  2.1

Action                   |  1- 3 |  4- 6 |  7- 9 || total
-------------------------+-------+-------+-------++-------
Melee: Hand axe          |    89 |    77 |    10 ||   176
       Headbutt          |    10 |     9 |    15 ||    34
       War axe           |       |       |    56 ||    56
       Battleaxe         |       |       |    17 ||    17
Throw: Tomahawk          |       |     2 |     1 ||     3
Invok: Berserk           |     2 |     3 |     4 ||     9
  Use: Scroll            |     2 |       |     5 ||     7
       Potion            |       |       |     4 ||     4
 Stab: Sleeping          |     1 |       |       ||     1
  Eat: Chunk             |     3 |     4 |     8 ||    15
       Ration            |     1 |       |       ||     1
Armor: Animal skin       |     8 |       |       ||     8
       Scale mail        |    12 |    14 |       ||    26
       Chain mail        |       |    11 |    20 ||    31
Dodge: Dodged            |    56 |    53 |    60 ||   169

Table legend:
 A = Spawn XP
 B = Non-spawn XP
 C = Spawn XP percentage of total XP
 D = Spawn monster count
 E = Non-spawn monster count
 F = Spawn count percentage of total count
 G = Total turns spent on level
                    A         B        C        D         E        F      G
               +---------+---------+-------+---------+---------+-------+---------
         Total |       0 |    2467 |   0.0 |       0 |     105 |   0.0 |  4269
               +---------+---------+-------+---------+---------+-------+---------
           D:1 |       0 |      42 |   0.0 |       0 |      25 |   0.0 |  1182
           D:2 |       0 |      85 |   0.0 |       0 |      17 |   0.0 |  1052
           D:3 |       0 |     334 |   0.0 |       0 |      29 |   0.0 |   881
           D:4 |       0 |     397 |   0.0 |       0 |      14 |   0.0 |   412
           D:5 |       0 |     463 |   0.0 |       0 |       8 |   0.0 |   355
           D:8 |       0 |    1146 |   0.0 |       0 |      12 |   0.0 |   387
               +---------+---------+-------+---------+---------+-------+---------
